 Dungeon Crawl Stone Soup version 0.23-a0-481-g60b89c1 (webtiles) character file.

63 MisterFreud the Conjurer (level 3, 0/26 HPs)
             Began as a Demigod Conjurer on Nov 29, 2018.
             Slain by an orc
             ... wielding a +0 club
              (7 damage)
             ... on level 3 of the Dungeon.
             The game lasted 00:07:47 (1685 turns).

MisterFreud the Conjurer (Demigod Conjurer)         Turns: 1685, Time: 00:07:48

Health: 0/26       AC:  4    Str: 11    XL:     3   Next: 63%
Magic:  3/8        EV: 12    Int: 21    God:
Gold:   134        SH:  0    Dex: 16    Spells: 4/5 levels left

rFire    . . .     SeeInvis .   b - +0 short sword
rCold    . . .     Gourm    .   (no shield)
rNeg     . . .     Faith    .   a - +0 robe
rPois    .         Spirit   .   m - +1 helmet
rElec    .         Reflect  .   (no cloak)
rCorr    .         Harm     .   (no gloves)
MR       .....                  (no boots)
Stlth    +.........             (no amulet)
HPRegen  0.08/turn              e - ring of attention (curse)
MPRegen  0.11/turn              (no ring)

@: no status effects
A: high mp 1
a: no special abilities


You were on level 3 of the Dungeon.
You were not hungry.

You visited 1 branch of the dungeon, and saw 3 of its levels.

You collected 134 gold pieces.

Inventory:

Hand Weapons
 b - a +0 short sword (weapon)
 f - a +0 hunting sling
Missiles
 d - 6 tomahawks
 n - 13 sling bullets
 o - 55 stones (quivered)
 p - 19 poisoned needles
Armour
 a - a +0 robe (worn)
 g - a +0 shield
 m - a +1 helmet (worn)
Jewellery
 e - a cursed ring of attention (left hand)
Scrolls
 q - a scroll of teleportation {unknown}
Potions
 h - a potion of curing
 i - a potion of mutation
 l - a potion of agility {unknown}
Comestibles
 c - 4 rations


   Skills:
 - Level 1.7 Dodging
 - Level 1.7 Stealth
 + Level 1.8 Spellcasting
 - Level 5.0 Conjurations


You had 4 spell levels left.
You knew the following spells:

 Your Spells              Type           Power        Failure   Level  Hunger
a - Magic Dart            Conj           ###.         1%          1    #......

Your spell library contained the following spells:

 Spells                   Type           Power        Failure   Level  Hunger
 Searing Ray              Conj           ###...       2%          2    ###....
 Dazzling Spray           Conj/Hex       ##....       16%         3    ###....
 Iskenderun's Mystic Bla  Conj           ###.....     19%         4    #####..
 Force Lance              Conj/Tloc      ##......     47%         4    #####..
 Fulminant Prism          Conj/Hex       ##........   47%         4    #####..


Dungeon Overview and Level Annotations

Branches:
Dungeon (3/15)

Annotations:
D:2 Sigmund


Innate Abilities, Weirdness & Mutations

You have an increased reservoir of magic. (+10% MP)


Message History

The orc wizard seems to speed up.
You barely miss the orc.
The orc is lightly wounded.
The orc misses you.
Casting: Magic Dart (safe; 1% risk of failure)
Confirm with . or Enter, or press ? or * to list all spells.
Aiming: Magic Dart (safe; 1% risk of failure)
Press: ? - help, Shift-Dir - straight line, f/p - orc priest
Aim: an orc priest, wielding a +0 hand axe and wearing a +0 leather armour The magic dart hits the orc.
The orc is almost dead.
The orc hits you with a +0 club.
The orc priest invokes the aid of Beogh against you.
Beogh smites you!
Ouch! That really hurt!
* * * LOW HITPOINT WARNING * * *
You barely miss the orc.
The orc is almost dead.
The orc hits you with a +0 club!
You die...

..#########
#.# ..# #.#
.>######## #.#
.......... #.#
.######### #.#
.# ...#####.#
.#
.........#####
.#
..####......#
.### #@####.#
...# #o# #.#
##.# #o# #.#
#.# #o# #.#
#.# #o# #.#
#.# ..# #.#
#.# ### #.#
#.# #.# #.#
#.#


You could see an orc priest, 2 orc wizards and an orc.

Vanquished Creatures
  An adder (D:3)
  2 oozes
  A worm (D:2)
  3 dart slugs
  2 leopard geckos
  An orc (D:3)
  3 goblins
  7 hobgoblins
  A ball python (D:1)
  4 bats
  2 frilled lizards
  3 kobolds
  5 rats
35 creatures vanquished.

Notes
Turn   | Place    | Note
-------+----------+-------------------------------------------
     0 | D:1      | MisterFreud the Demigod Conjurer began the quest for the
                  | Orb.
     0 | D:1      | Reached XP level 1. HP: 14/14 MP: 5/5
    60 | D:1      | Reached skill level 4 in Conjurations
   102 | D:1      | Reached XP level 2. HP: 11/20 MP: 1/7
   820 | D:2      | Reached XP level 3. HP: 26/26 MP: 1/8
  1110 | D:2      | Noticed Sigmund
  1401 | D:3      | Reached skill level 5 in Conjurations
  1685 | D:3      | Slain by an orc

Vault maps used:
D:1:      dpeg_arrival_stonehenge_8_columns
D:2:      minmay_alternating_diamond, uniq_sigmund
D:3:      dk_vineyard_1

Skill      XL: |  1  2  3 |
---------------+----------+-----
Conjurations   | 4 5 |  5.0
Dodging        | |  1.7
Stealth        | |  1.7
Spellcasting   | |  1.8

Action                   || total
-------------------------++-------
Melee: Unarmed           ||    11
       Short sword       ||    17
 Cast: Magic Dart        ||    83
  Use: Scroll            ||     5
       Potion            ||     1
  Eat: Chunk             ||     3
Armor: Robe              ||     8
Dodge: Dodged            ||    42

Table legend:
 A = Non-vault XP
 B = Vault XP
 C = Vault XP percentage of total XP
 D = Non-vault monster count
 E = Vault monster count
 F = Vault count percentage of total count
                 A         B        C        D         E       F
            +---------+---------+-------+---------+---------+-------
      Total |      91 |       0 |   0.0 |      35 |       0 |   0.0
            +---------+---------+-------+---------+---------+-------
        D:1 |      33 |       0 |   0.0 |      18 |       0 |   0.0
        D:2 |      25 |       0 |   0.0 |      10 |       0 |   0.0
        D:3 |      33 |       0 |   0.0 |       7 |       0 |   0.0
            +---------+---------+-------+---------+---------+-------
